 Dungeon Crawl Stone Soup version 0.21.1-1-g345015f (webtiles) character file.

3157 Monsterracer the Cleaver (level 9, -9/78 HPs)
             Began as a Minotaur Enchanter on Feb 12, 2018.
             Was a Priest of Uskayaw.
             Mangled by a two-headed ogre
             ... wielding a +0 giant spiked club
              (14 damage)
             ... on level 9 of the Dungeon.
             The game lasted 00:12:50 (9376 turns).

Monsterracer the Cleaver (Minotaur Enchanter)       Turns: 9376, Time: 00:12:51

Health: -9/78      AC: 10    Str: 16    XL:     9   Next: 62%
Magic:  0/10       EV: 14    Int: 12    God:    Uskayaw [***...]
Gold:   299        SH:  0    Dex: 11    Spells: 10/10 levels left

rFire    + . .     SeeInvis .   a - +0 war axe
rCold    . . .     Gourm    .   (no shield)
rNeg     . . .     Faith    +   q - +3 leather armour {rF+}
rPois    .         Spirit   +   (helmet restricted)
rElec    .         Reflect  .   n - scarf {Spirit}
rCorr    .         Harm     .   (no gloves)
MR       .....     Rnd*Tele +   C - +2 pair of boots
Stlth    ++........             e - amulet of faith
HPRegen  0.23/turn              B - ring of teleportation (curse)
MPRegen  0.12/turn              (no ring)

@: no status effects
A: retaliatory headbutt, horns 2
a: Stomp, Line Pass, Renounce Religion


You were on level 9 of the Dungeon.
You worshipped Uskayaw.
Uskayaw was noncommittal.
You were very hungry.

You visited 2 branches of the dungeon, and saw 11 of its levels.
You also visited: Sewer.

You collected 411 gold pieces.
You spent 112 gold pieces at shops.

Inventory:

Hand Weapons
 a - a +0 war axe (weapon)
 b - a +0 flail of protection
 w - a +2 mace of crushing
Armour
 g - a +0 buckler
 n - a scarf of spirit shield (worn)
 q - a +3 leather armour of fire resistance (worn)
 r - a +0 plate armour
 C - a +2 pair of boots (worn)
Jewellery
 e - an amulet of faith (around neck)
 f - an uncursed amulet of regeneration
 B - a cursed ring of teleportation (left hand)
Wands
 y - a wand of clouds (4)
Scrolls
 i - 2 scrolls of teleportation
 j - 3 scrolls of fear {!r}
 l - 2 scrolls of amnesia
 s - 2 scrolls of fog
 t - a scroll of enchant weapon
 z - 2 scrolls of blinking
Potions
 d - 5 potions of curing
 h - 3 potions of might
 k - 2 potions of flight
 m - 3 potions of magic
 o - 2 potions of brilliance
 p - a potion of haste
 u - a potion of berserk rage {!q}
 v - a potion of agility
 x - 3 potions of lignification
 A - a potion of invisibility {unknown}
Comestibles
 c - 19 rations


   Skills:
 + Level 6.7 Fighting
   Level 1.1 Short Blades
 * Level 9.8 Axes
 + Level 6.5 Armour
 + Level 6.5 Dodging
 - Level 2.4 Stealth
 + Level 1.8 Shields
 - Level 1.3 Spellcasting
   Level 2.0 Hexes
 + Level 3.5 Invocations


You had 10 spell levels left.
You didn't know any spells.

Dungeon Overview and Level Annotations

Branches:
Dungeon (11/15)            Temple (1/1) D:6            Lair (0/6) D:9
    Orc (0/2) D:9

Altars:
Ashenzari
Cheibriados
Dithmenos
Elyvilon
Gozag
Hepliaklqana
Kikubaaqudgha
Makhleb
Nemelex Xobeh
Okawaru
Ru
Sif Muna
Trog
Uskayaw
Vehumet
Wu Jian
Xom
Yredelemnul
Zin
The Shining One

Shops:
D:5 *?

Annotations:
D:11 exclusion: acid dragon


Innate Abilities, Weirdness & Mutations

You reflexively headbutt those who attack you in melee.
You have a pair of horns on your head.


Message History

Your headbutt misses the gnoll sergeant.
The gnoll sergeant is almost dead.
You feel sick.
The gnoll sergeant barely misses you. x2
You hit the gnoll sergeant but do no damage.
You kill the gnoll sergeant!
You feel sick. The gnoll sergeant barely misses you.
Uskayaw will force your foes to share their pain.
You take 1 damage, and have 43/78 hp.
Unknown command.
You feel sick.
The gnoll sergeant hits you but does no damage.
Items here: )) [[[ † You take 1 damage, and have 42/78 hp.
You barely miss the gnoll sergeant.
The gnoll sergeant is moderately wounded.
You feel sick.
You take 1 damage, and have 41/78 hp.
Unknown command.
You hit the gnoll sergeant.
You headbutt the gnoll sergeant, but do no damage.
The gnoll sergeant is moderately wounded.
The gnoll sergeant hits you with a trident!
* * * LOW HITPOINT WARNING * * *
You take 9 damage, and have 32/78 hp.
You slash the gnoll sergeant!
Your headbutt misses the gnoll sergeant.
The gnoll sergeant is almost dead.
You feel sick.
The gnoll sergeant hits you with a trident.
* * * LOW HITPOINT WARNING * * *
You can now merge with and destroy a victim.
You take 5 damage, and have 27/78 hp.
You stomp with the beat, sending a shockwave through the revelers around you!
You kill the gnoll sergeant!
You feel somewhat more hungry.
You can no longer merge with and destroy a victim.
You now have 1/10 mp.
You feel sick.
Things that are here:
a trident; a scale mail; a buckler You take 1 damage, and have 26/78 hp.
You start resting.
You feel sick. x4
You can no longer pass through a line of other dancers.
You are feeling very hungry.
You feel sick.
You take 2 damage, and have 24/78 hp.
You regained 2 mp, and now have 3/10 mp.
You start resting.
You feel sick. x2
You are no longer poisoned.
A howler monkey comes into view.
Found a stone staircase leading up.
A howler monkey comes into view.
Found a stone staircase leading up.
The howler monkey howls! x2; You hear a howl!
There is an open door here.
You hit the howler monkey.
The howler monkey is moderately wounded.
The howler monkey closely misses you.
You barely miss the howler monkey.
The howler monkey is moderately wounded.
You hit the howler monkey but do no damage.
The howler monkey misses you.
The howler monkey hits you but does no damage.
You slash the howler monkey!
The howler monkey is severely wounded.
You can now pass through a line of other dancers.
A howler monkey comes into view.
You hit the howler monkey.
The howler monkey is almost dead.
The howler monkey hits you but does no damage.
The howler monkey hoots and howls with incredible vigour!
The howler monkey misses you. You furiously retaliate!
You headbutt the howler monkey!
You kill the howler monkey!
You hear two shouts!
Uskayaw will force your foes to helplessly watch your dance.
Uskayaw prepares the audience for your solo!
There is an open door, spattered with blood here.
The helpless howler monkey fails to defend itself.
You slice the howler monkey!!
You kill the howler monkey!
The howler monkey is no longer paralysed.
The howler monkey hoots and howls with incredible vigour!
You hear a shout!
A two-headed ogre comes into view. It is wielding two giant spiked clubs.
The howler monkey closely misses you. You furiously retaliate!
You headbutt the howler monkey.
Uskayaw will force your foes to share their pain.
Uskayaw links your audience in an emotional bond!
You slash the howler monkey!
You kill the howler monkey!
The two-headed ogre is no longer sharing its pain.
A jelly comes into view.
The jelly barely misses you.
You barely miss the jelly. The jelly misses you.
The two-headed ogre hits you with a giant spiked club!!
* * * LOW HITPOINT WARNING * * *
The two-headed ogre hits you with a giant spiked club!
You die...

#.#.# ##...###.#.≈( #.#.#
##...)#.#..# ##'#..
#..#.#.#^.. #..)####
#####.#.#.#.^.
#.....<###.#.....#.#....^
#...<......#.###...#.....
#....#######.# #...#.....
#.......O..l.# #...#.....
##'####.@J#### #.....###+
.######.# #...# #####..##
#. ........####...#
#.......# #.
.........))....#
#.......# #.
......[.###.####
#.......# #. .....$..#
#.# ###.....###.
......).# #.# #.##...##.
.######## #.# #.##.#.##.
#.# #.##......


You could see a two-headed ogre, an iguana and a jelly.

Vanquished Creatures
  A centaur skeleton (D:10)
  A yak (D:7)
  A human (D:7)
  3 hogs (D:7)
  Purgy (Sewer)
  An orc warrior (D:9)
  A phantom (D:11)
  6 ogres
  A bullfrog (D:3)
  2 gnoll sergeants (D:9)
  A scorpion (D:6)
  6 howler monkeys
  A centaur zombie (D:7)
  3 crimson imps
  2 bullfrog zombies
  3 hounds
  A jelly (D:7)
  2 orc priests
  2 iguanas (D:7)
  2 bullfrog skeletons
  An orc wizard (D:2)
  2 worker ants
  A hound zombie (D:7)
  3 hound skeletons
  8 gnolls
  11 adders
  2 river rats (D:3)
  2 oozes
  5 worms
  2 dart slugs
  6 leopard geckos
  13 orcs
  8 ball pythons
  5 giant cockroaches
  5 goblins
  3 hobgoblins
  12 jackals
  7 kobolds
  4 bats
  7 frilled lizards
  A leopard gecko skeleton (D:4)
  10 rats
159 creatures vanquished.

Vanquished Creatures (others)
  An orc (D:2)
1 creature vanquished.

Grand Total: 160 creatures vanquished

Notes
Turn   | Place    | Note
-------+----------+-------------------------------------------
     0 | D:1      | Monsterracer the Minotaur Enchanter began the quest for the Orb.
     0 | D:1      | Reached XP level 1. HP: 14/14 MP: 1/1
    41 | D:1      | HP: 7/15 [leopard gecko (3)]
    45 | D:1      | Reached skill level 1 in Axes
   121 | D:1      | HP: 7/15 [rat (2)]
   396 | D:1      | Reached XP level 2. HP: 22/22 MP: 3/3
   402 | D:1      | Reached skill level 2 in Axes
   827 | D:2      | HP: 9/22 [orc priest/divine providence (9)]
  1171 | D:2      | Reached skill level 1 in Fighting
  1171 | D:2      | Reached XP level 3. HP: 26/28 MP: 4/4
  1239 | D:2      | Reached skill level 3 in Axes
  1422 | D:2      | Reached skill level 1 in Armour
  1422 | D:2      | Reached XP level 4. HP: 23/35 MP: 5/5
  1802 | D:2      | HP: 18/36 [poisoned by an adder]
  1807 | D:2      | HP: 17/36 [poisoned by an adder]
  1814 | D:2      | HP: 15/36 [poisoned by an adder]
  1822 | D:2      | HP: 14/36 [poisoned by an adder]
  2096 | D:2      | Reached skill level 4 in Axes
  2281 | D:3      | Reached XP level 5. HP: 41/41 MP: 6/6
  2435 | D:3      | HP: 20/42 [gnoll (4)]
  2516 | D:3      | Noticed an ogre
  2517 | D:3      | HP: 15/42 [gnoll/halberd (8)]
  2523 | D:2      | HP: 5/42 [gnoll/spear (4)]
  2900 | D:3      | Found a glowing drain.
  2905 | D:3      | HP: 18/44 [river rat (5)]
  2910 | D:3      | HP: 12/44 [river rat (5)]
  2915 | Sewer    | Entered a sewer
  3181 | Sewer    | Reached XP level 6. HP: 45/50 MP: 5/7
  3317 | Sewer    | Noticed Purgy
  3328 | Sewer    | Killed Purgy
  3328 | Sewer    | Reached skill level 5 in Axes
  4568 | D:4      | Reached XP level 7. HP: 58/58 MP: 8/8
  4653 | D:4      | Reached skill level 6 in Axes
  4759 | D:4      | HP: 21/58 [ogre/giant club (10)]
  5250 | D:4      | HP: 26/59 [orc/flail of protection (4)]
  5667 | D:4      | HP: 25/59 [ogre/giant spiked club (14)]
  6014 | D:5      | Entered Level 5 of the Dungeon
  6019 | D:5      | Reached skill level 7 in Axes
  6064 | D:5      | Found Misk's Magic Scroll Shop.
  6111 | D:5      | Bought a scroll of enchant weapon for 112 gold pieces
  6291 | D:5      | Found Totzuwun's General Store.
  6569 | D:6      | Reached XP level 8. HP: 64/67 MP: 9/9
  6679 | D:6      | Found a staircase to the Ecumenical Temple.
  6694 | Temple   | Entered the Ecumenical Temple
  6712 | Temple   | Became a worshipper of Uskayaw the Reveler
  6815 | D:6      | Found an iron altar of Okawaru.
  6871 | D:6      | Reached * piety under Uskayaw
  6951 | D:6      | Reached ** piety under Uskayaw
  7020 | D:6      | Found a burning altar of Makhleb.
  7029 | D:6      | Reached *** piety under Uskayaw
  7574 | D:7      | Reached skill level 5 in Dodging
  7600 | D:7      | Reached skill level 1 in Invocations
  7680 | D:7      | Reached skill level 5 in Fighting
  7987 | D:7      | Reached skill level 5 in Armour
  7991 | D:7      | Reached **** piety under Uskayaw
  7994 | D:7      | Reached skill level 8 in Axes
  8004 | D:7      | Reached ***** piety under Uskayaw
  8007 | D:7      | HP: 31/69 [human/hand axe (4)]
  8014 | D:7      | HP: 31/70 [hog (2)]
  8016 | D:7      | Reached ****** piety under Uskayaw
  8020 | D:7      | HP: 8/70 [hog (11)]
  8022 | D:7      | Reached XP level 9. HP: 9/75 MP: 2/10
  8352 | D:7      | Found an ancient bone altar of Kikubaaqudgha.
  8352 | D:7      | Found a shattered altar of Ashenzari.
  8352 | D:7      | Found a shimmering altar of Xom.
  8352 | D:7      | Found a deep blue altar of Sif Muna.
  8352 | D:7      | Found a shadowy altar of Dithmenos.
  8598 | D:7      | You fall through a shaft for 3 floors!
  8598 | D:10     | Entered Level 10 of the Dungeon
  8598 | D:10     | Noticed a two-headed ogre
  8744 | D:11     | Reached skill level 9 in Axes
  8818 | D:11     | Noticed a troll
  9194 | D:9      | Reached skill level 1 in Shields
  9270 | D:9      | Found a staircase to the Orcish Mines.
  9270 | D:9      | Noticed a troll
  9294 | D:9      | Found a staircase to the Lair.
  9328 | D:9      | HP: 32/78 [gnoll sergeant/trident (10)]
  9335 | D:9      | HP: 25/78 [poisoned by a gnoll sergeant]
  9341 | D:9      | HP: 25/78 [poisoned by a gnoll sergeant]
  9348 | D:9      | HP: 24/78 [poisoned by a gnoll sergeant]
  9365 | D:9      | Noticed a two-headed ogre
  9376 | D:9      | HP: 5/78 [two-headed ogre/giant spiked club (25)]
  9376 | D:9      | Mangled by a two-headed ogre

Skill      XL: |  1  2  3  4  5  6  7  8  9 |
---------------+----------------------------+-----
Axes           | 1 2 3 4 5 7 8 9 |  9.8
Fighting       | 1 2 3 4 5 6 |  6.7
Armour         | 1 2 3 4 5 6 |  6.5
Dodging        | 3 4 5 6 |  6.5
Invocations    | 2 3 |  3.5
Shields        | 1 |  1.8
Short Blades   | |  1.1
Stealth        | |  2.4
Spellcasting   | |  1.3
Hexes          | |  2.0

Action                   |  1- 3 |  4- 6 |  7- 9 || total
-------------------------+-------+-------+-------++-------
Melee: Dagger            |    11 |       |       ||    11
       Hand axe          |    59 |   176 |   132 ||   367
       Headbutt          |     8 |    31 |    54 ||    93
       War axe           |       |       |   155 ||   155
Invok: Stomp             |       |       |     1 ||     1
       Line Pass         |       |       |     1 ||     1
  Use: Scroll            |       |    13 |     7 ||    20
       Potion            |       |     3 |       ||     3
 Stab: Sleeping          |     5 |     3 |     4 ||    12
       Paralysed         |       |       |    10 ||    10
       Confused          |       |       |     1 ||     1
  Eat: Chunk             |     1 |    10 |    12 ||    23
       Ration            |       |       |     1 ||     1
Armor: Robe              |     8 |       |       ||     8
       Ring mail         |    19 |     1 |       ||    20
       Leather armour    |       |    44 |    80 ||   124
Dodge: Dodged            |    35 |   145 |   210 ||   390

Vault maps used:
D:1:      eino_arrival_cavern_a
D:2:      cheibrodos_pilgrimage
D:3:      portal_sewer_entry_b, solitary_fountain, serial_bayou_lagoon_a,
          serial_bayou_lagoon_b
D:5:      first_ration, serial_shops, shop, shop
D:6:      makhleb_heckhound_becter, minmay_temple_entry_junction,
          okawaru_trees_2
D:7:      grunt_temple_overflow_open, grunt_livestock
D:9:      grunt_qazlal_sundering, dpeg_oklobed_lair,
          kennysheep_orc_monster_closet_entryway
D:10:     special_room
Temple:   jpeg_temple_clearing
Sewer:    sewer_co_purgy_island
